 Dungeon Crawl Stone Soup version 0.25-a0-1133-g93ebf739aa (webtiles) character file.

Game seed: 3389366247413462407, levelgen mode: deterministic

287 vurker the Chucker (level 6, -1/65 HPs)
             Began as an Ogre Hunter on May 21, 2020.
             Slain by an iguana (12 damage)
             ... on level 4 of the Dungeon.
             The game lasted 00:06:26 (4731 turns).

vurker the Chucker (Ogre Hunter)                    Turns: 4731, Time: 00:06:27

Health: -1/65      AC:  3    Str: 21    XL:     6   Next: 30%
Magic:  6/6        EV: 10    Int: 12    God:
Gold:   171        SH:  0    Dex:  9    Spells: 5/5 levels left

rFire    . . .     SeeInvis .   i - +0 whip
rCold    + . .     Gourm    .   (no shield)
rNeg     . . .     Faith    .   b - +0 robe
rPois    .         Spirit   .   (helmet restricted)
rElec    .         Reflect  .   (no cloak)
rCorr    .         Harm     .   (gloves unavailable)
MR       .....                  (boots unavailable)
Stlth    +.........             j - amulet of regeneration
HPRegen  0.60/turn              (no ring)
MPRegen  0.10/turn              (no ring)

@: no status effects
A: large, unfitting armour, cold resistance 1, strong 1, tough skin 1
a: no special abilities


You were on level 4 of the Dungeon.
You were hungry.

You visited 1 branch of the dungeon, and saw 4 of its levels.

You collected 171 gold pieces.

Inventory:

Hand Weapons
 h - a +0 club
   (You took it off a kobold on level 1 of the Dungeon)
 i - a +0 whip (weapon)
   (You took it off a kobold on level 3 of the Dungeon)
Missiles
 c - 5 large rocks (quivered)
 d - 2 throwing nets
Armour
 b - a +0 robe (worn)
Jewellery
 j - an amulet of regeneration (around neck)
   (You found it on level 2 of the Dungeon)
Scrolls
 a - a scroll of fog
 f - 3 scrolls of remove curse
 k - 4 scrolls of identify
 l - 3 scrolls of teleportation {unknown}
 m - a scroll of fear
 n - a scroll of magic mapping {unknown}
Potions
 o - a potion of ambrosia {unknown}
 p - a potion of brilliance {unknown}
Comestibles
 e - 5 rations
 g - a chunk of flesh


   Skills:
 + Level 4.8 Fighting
 * Level 3.6 Maces & Flails
 + Level 5.1 Throwing
 - Level 1.7 Dodging
 - Level 0.6 Stealth


You had 5 spell levels left.
You didn't know any spells.
Your spell library was empty.

Dungeon Overview and Level Annotations

Branches:
Dungeon (4/15)
 Temple: D:4-7

Altars:
Ashenzari
Wu Jian


Innate Abilities, Weirdness & Mutations

You are too large for most types of armour.
You have tough skin. (AC +1)
Your flesh is cold resistant. (rC+)
Your muscles are strong. (Str +2)


Message History

No target in view!
All of the chunks of flesh in your inventory have rotted away.
Things that are here:
a +0 dagger; an orc corpse You butcher the orc corpse.
g - a chunk of flesh
Things that are here:
a +0 dagger; an orc skeleton Search for what [Enter for "ego", or ? for help]?
Done exploring.
Done exploring.
Done exploring.
Done exploring.
Things that are here:
a +0 dagger; an orc skeleton
Found a dagger.
There is a stone staircase leading down here.
You climb downwards.
Found an escape hatch in the floor.
There is a stone staircase leading up here.
Found a scroll of identify.
k - 4 scrolls of identify (gained 1) No target in view!
You open the door.
An iguana comes into view.
Found a stone staircase leading up.
There is an open door here.
The iguana hisses angrily.
You are feeling hungry.
You barely miss the iguana. The iguana barely misses you.
You hit the iguana. The iguana bites you!
You hit the iguana. The iguana bites you!
You closely miss the iguana. The iguana closely misses you.
You hit the iguana. The iguana bites you.
You hit the iguana but do no damage. The iguana bites you!
* * * LOW HITPOINT WARNING * * *
You aren't carrying any items that you can evoke.
You hit the iguana but do no damage. The iguana bites you.
* * * LOW HITPOINT WARNING * * *
You closely miss the iguana. The iguana bites you.
* * * LOW HITPOINT WARNING * * *
You hit the iguana. The iguana completely misses you.
You hit the iguana but do no damage. The iguana bites you!
* * * LOW HITPOINT WARNING * * *
You barely miss the iguana. The iguana closely misses you.
You hit the iguana but do no damage. You hit the iguana but do no damage.
The iguana bites you!
* * * LOW HITPOINT WARNING * * *
You hit the iguana but do no damage. The iguana bites you!
You die...

.# .# .## .. #######
.### # ......<###... #
..........#########.# #
......l@..'.......... .
..........###...#### #
..........###...# #
########.......#########
#######.#........
#.........>#
#..#........
#..#########
#...........


You could see an iguana.

Vanquished Creatures
  Natasha (thrice) (D:2)
  9 adders
  4 gnolls (D:3)
  3 worms
  2 dart slugs (D:3)
  3 leopard geckos
  2 orcs (D:3)
  7 bats
  2 giant cockroaches (D:1)
  11 goblins
  10 hobgoblins
  9 jackals
  A ball python (D:3)
  2 frilled lizards
  9 kobolds
  5 rats
82 creatures vanquished.

Notes
Turn   | Place    | Note
-------+----------+-------------------------------------------
     0 | D:1      | vurker the Ogre Hunter began the quest for the Orb.
     0 | D:1      | Reached XP level 1. HP: 22/22 MP: 1/1
   156 | D:1      | Reached XP level 2. HP: 31/31 MP: 2/2
   566 | D:1      | Reached skill level 1 in Maces & Flails
   877 | D:2      | Found an ornate altar of the Wu Jian Council.
   886 | D:2      | Reached XP level 3. HP: 36/37 MP: 3/3
  1564 | D:2      | Gained mutation: Your muscles are strong. (Str +2) [potion
                  | of mutation]
  1564 | D:2      | Gained mutation: Your flesh is cold resistant. (rC+)
                  | [potion of mutation]
  1996 | D:2      | Reached XP level 4. HP: 42/48 MP: 4/4
  2527 | D:2      | Noticed Natasha
  2535 | D:2      | Killed Natasha
  2535 | D:2      | Reached XP level 5. HP: 37/54 MP: 5/5
  2702 | D:2      | Noticed Natasha
  2781 | D:2      | Killed Natasha
  2976 | D:2      | Noticed Natasha
  2991 | D:2      | Killed Natasha
  3210 | D:2      | Found an ornate altar of the Wu Jian Council.
  3716 | D:3      | Reached skill level 5 in Throwing
  3826 | D:3      | Reached XP level 6. HP: 44/63 MP: 6/6
  4551 | D:3      | Found a shattered altar of Ashenzari.
  4731 | D:4      | Slain by an iguana

Illustrated notes

Levels and vault maps discovered:
D:1:      lightli_arrival_lavapool, layout_loops_ring
D:2:      layout_basic, old_standard_altar, lemuel_flame_loot_1, uniq_natasha
D:3:      wad_crossroads, layout_basic, nicolae_overflow_hidden_temple,
          first_ration, evilmike_ruin_ashenzari
D:4:      black_bear_nest_1, layout_basic, guppyfry_shop_venom

Skill      XL: |  1  2  3  4  5 |
---------------+----------------+-----
Fighting       | 3 4 |  4.8
Maces & Flails | 1 2 3 |  3.6
Throwing       | 5 |  5.1
Dodging        | |  1.7
Stealth        | |  0.6

Action                   |  1- 3 |  4- 6 || total
-------------------------+-------+-------++-------
Melee: Short sword       |   146 |   119 ||   265
       Whip              |       |   140 ||   140
  Use: Scroll            |     6 |     1 ||     7
       Potion            |     2 |     1 ||     3
 Stab: Sleeping          |       |     4 ||     4
  Eat: Chunk             |     4 |     8 ||    12
Armor: Robe              |    45 |    46 ||    91
Dodge: Dodged            |    77 |   128 ||   205

Table legend:
 A = Non-vault XP
 B = Vault XP
 C = Vault XP percentage of total XP
 D = Non-vault monster count
 E = Vault monster count
 F = Vault count percentage of total count
                 A         B        C        D         E       F
            +---------+---------+-------+---------+---------+-------
      Total |     356 |      54 |  13.2 |      77 |       5 |   6.1
            +---------+---------+-------+---------+---------+-------
        D:1 |      30 |       0 |   0.0 |      18 |       0 |   0.0
        D:2 |     178 |      35 |  16.4 |      27 |       1 |   3.6
        D:3 |     148 |      19 |  11.4 |      32 |       4 |  11.1
            +---------+---------+-------+---------+---------+-------
